 Dungeon Crawl Stone Soup version 0.26.0-10-g1f06aea511 (webtiles) character file.

Game seed: 15061405285249944090

25 Dracia the Chopper (level 2, -7/27 HPs)
             Began as a Deep Dwarf Berserker on Jan 25, 2021.
             Was a Follower of Trog.
             Killed from afar by a kobold (33 damage)
             ... with an exploding inner flame
             ... on level 1 of the Dungeon.
             The game lasted 00:01:23 (554 turns).

Dracia the Chopper (Deep Dwarf Berserker)            Turns: 554, Time: 00:01:24

Health: -7/27      AC:  5    Str: 20    XL:     2   Next: 86%
Magic:  1/1        EV: 11    Int:  7    God:    Trog [*.....]
Gold:   44         SH:  0    Dex: 12    Spells: 1/1 levels left

rFire    . . .     SeeInvis .   a - +0 hand axe
rCold    . . .     Faith    .   (no shield)
rNeg     . . .     Spirit   .   h - +0 ring mail
rPois    .         Reflect  .   (no helmet)
rElec    .         Harm     .   (no cloak)
rCorr    .         Rampage  .   (no gloves)
Will     .....     Rnd*Tele +   (no boots)
Stlth    ..........             (no amulet)
HPRegen  0.00/turn              f - ring of attention (curse)
MPRegen  0.07/turn              t - ring of teleportation (curse)

@: non-regenerating
A: damage resistance, heal wounds, sense surroundings 1, no regeneration
a: Heal Wounds, Renounce Religion, Berserk


You were on level 1 of the Dungeon.
You worshipped Trog.
Trog was aware of your devotion.
You visited 1 branch of the dungeon, and saw 1 of its levels.

You collected 44 gold pieces.


Innate Abilities, Weirdness & Mutations

You are resistant to damage.
You can heal yourself by infusing magical energy.
You passively map a small area around you.
You do not regenerate.


   Skills:
 - Level 2.6 Fighting
 + Level 4.5 Axes
 - Level 2.1 Armour
 - Level 2.1 Dodging


You had one spell level left.
You didn't know any spells.
Your spell library was empty.

Inventory:

Hand Weapons
 a - a +0 hand axe (weapon)
Armour
 b - a +0 animal skin
 h - a +0 ring mail (worn)
Jewellery
 f - a cursed ring of attention (left hand)
 t - a cursed ring of teleportation (right hand)
Scrolls
 g - a scroll of remove curse {unknown}
Potions
 d - 5 potions of curing {unknown}
 e - a potion of berserk rage {unknown}

Dungeon Overview and Level Annotations

Branches:
Dungeon (1/15)

Altars:

# # * ## * * *
* , .# , ,, *
* .#
###########.#
.#
#....(.(@§r.#
.#
,#.###########
.# ,..#.# .# *
#.#†# ##
#.#.####
#.#....#
#.####.# #.#
#.#
#######.####.#


You could see a rat (inner flame).


Message History

The rat bites you but does no damage.
You hit the rat.
You kill the rat!
Trog accepts your kill.
No target in view!
You feel slightly jumpy.
Oops, that ring feels deathly cold.
i - a cursed ring of teleportation (right hand)
t - a cursed ring of teleportation (right hand)
You see here a rat corpse.
A kobold comes into view.
The kobold shouts!
A kobold is nearby!
A kobold is nearby!
A rat comes into view.
The kobold throws a stone.
The stone misses you.
The kobold throws a stone.
The stone hits you but does no damage.
As you read the scroll labelled BUTONU HEGAPTA, it crumbles to dust.
The creatures around you are filled with an inner flame!
It was a scroll of immolation.
The kobold throws a stone.
The stone hits you but does no damage.
The kobold throws a stone.
The stone hits you.
The kobold throws a stone.
The stone hits you but does no damage.
You see here a stone.
The kobold hits you but does no damage.
You hit the kobold. Trog accepts your kill.
The kobold explodes!
The fiery explosion engulfs you!!
Ouch! That really hurt!
You die...

Skill      XL: |  1 |
---------------+----+-----
Axes           | 4 |  4.5
Fighting       | |  2.6
Armour         | |  2.1
Dodging        | |  2.1

Action                   || total
-------------------------++-------
Melee: Hand axe          ||    68
Invok: Berserk           ||     1
 Abil: Heal Wounds       ||     1
  Use: Scroll            ||     1
Armor: Animal skin       ||    25
       Ring mail         ||     9
Dodge: Dodged            ||    61

Levels and vault maps discovered:
D:1:      mrwooster_arrival_statue_2, layout_basic, minmay_misc_feat_ornament

Notes
Turn   | Place    | Note
-------+----------+-------------------------------------------
     0 | D:1      | Dracia the Deep Dwarf Berserker began the quest for the
                  | Orb.
     0 | D:1      | Reached XP level 1. HP: 20/20 MP: 1/1
    54 | D:1      | Reached skill level 4 in Axes
    54 | D:1      | Reached XP level 2. HP: 18/27 MP: 2/2
   554 | D:1      | Killed from afar by a kobold

Vanquished Creatures
  A leopard gecko (D:1)
  A ball python (D:1)
  2 bats (D:1)
  3 goblins (D:1)
  4 hobgoblins (D:1)
  3 kobolds (D:1)
  3 frilled lizards (D:1)
  7 rats (D:1)
24 creatures vanquished.

Table legend: (Time is in decaauts)
 A = Elapsed time spent in this place.
 B = Non-inter-level travel time spent in this place.
 C = Inter-level travel time spent in this place.
 D = Time resting spent in this place.
 E = Time spent auto-exploring this place.
 F = Levels seen in this place.
 G = Mean time per level.
                   A        B        C        D        E       F      G
               +--------+--------+--------+--------+--------+-----+--------+
         Total |    564 |    543 |     21 |    206 |    182 |   1 |  564.0 |
       Dungeon |    564 |    543 |     21 |    206 |    182 |   1 |  564.0 |
               +--------+--------+--------+--------+--------+-----+--------+

Top non-repeatable levels by time:
     D:1: 564 daAuts

Table legend:
 A = Non-vault XP
 B = Vault XP
 C = Vault XP percentage of total XP
 D = Non-vault monster count
 E = Vault monster count
 F = Vault count percentage of total count
                 A         B        C        D         E       F
            +---------+---------+-------+---------+---------+-------
      Total |      39 |       0 |   0.0 |      24 |       0 |   0.0
            +---------+---------+-------+---------+---------+-------
        D:1 |      39 |       0 |   0.0 |      24 |       0 |   0.0
            +---------+---------+-------+---------+---------+-------
